 Dungeon Crawl Stone Soup version 0.29-a0-451-gfbfa42419e (console) character file.

Game seed: 7070617013096891173

2257 jejorda2 the Spear-Bearer (level 9, -1/154 HPs)
             Began as a Merfolk Fighter on May 19, 2022.
             Was an Initiate of Nemelex Xobeh.
             Slain by a vampire (4 damage)
             ... on level 6 of the Dungeon.
             The game lasted 00:15:50 (8685 turns).

jejorda2 the Spear-Bearer (Merfolk Fighter)         Turns: 8685, Time: 00:15:51

Health: -1/154     AC: 24    Str: 23    XL:     9   Next: 37%
Magic:  12/12      EV:  2    Int:  7    God:    Nemelex Xobeh [......]
Gold:   258        SH:  0    Dex: 12    Spells: 8/8 levels left

rFire   + + +      SeeInvis .   a - +1 halberd
rCold   + . .      Faith    .   (shield currently unavailable)
rNeg    + + .      Spirit   .   (body armour currently unavailable)
rPois   +          Reflect  .   (helmet currently unavailable)
rElec   .          Harm     .   (cloak currently unavailable)
rCorr   .          Rampage  .   (gloves currently unavailable)
Will    .....      NoTele   +   (boots currently unavailable)
Stlth   ..........              (no amulet)
HPRegen 0.35/turn               h - ring of the Majestic God {rF+++ rC+ rN+ Str+3 Dex-2}
MPRegen 0.13/turn               c - ring of positive energy

@: berserking, tree-form, very quick
A: stationary, stasis, torment immunity, boosted hp, (nimble swimmer 2),
(mertail)
a: Renounce Religion, Draw Escape, Draw Destruction, Draw Summoning


You were on level 6 of the Dungeon.
You worshipped Nemelex Xobeh.
Nemelex Xobeh was noncommittal.
You were a tree.
You visited 2 branches of the dungeon, and saw 7 of its levels.

You collected 258 gold pieces.

Inventory:

Hand Weapons
 a - a +1 halberd (weapon)
 b - a +0 trident
Missiles
 k - 202 stones (quivered)
 q - 2 boomerangs
Armour
 d - a +0 chain mail
 j - a +0 helmet (melded)
 n - a +1 pair of boots (melded)
 x - a +3 leather armour of poison resistance (melded)
 y - a +1 chain mail of willpower
Jewellery
 c - a ring of positive energy (right branch)
 h - the ring of the Majestic God (left branch) {rF+++ rC+ rN+ Str+3 Dex-2}
   (You found it on level 6 of the Dungeon)

   [ring of positive energy]

   Str:       It affects your strength (+3).
   Dex:       It affects your dexterity (-2).
   rF:        It renders you almost immune to fire.
   rC:        It protects you from cold.
   rN:        It protects you from negative energy.
Wands
 e - a wand of iceblast (11)
 w - a wand of digging (7)
Scrolls
 f - a scroll of brand weapon {unknown}
 i - a scroll of amnesia {unknown}
 t - a scroll of enchant weapon
Potions
 l - a potion of berserk rage
 m - 5 potions of curing
 o - 3 potions of lignification
 p - a potion of magic
 r - a potion of flight
 s - 2 potions of resistance
 v - a potion of might
 z - a potion of haste
 C - a potion of brilliance


   Skills:
 - Level 6.0 Fighting
 * Level 11.3 Polearms
 + Level 5.0 Armour
 - Level 3.0 Shields
 + Level 4.7 Invocations


You had 8 spell levels left.
You didn't know any spells.
Your spell library contained the following spells:

 Spells                   Type           Power      Damage    Failure   Level
 Summon Small Mammal      Summ           0%         N/A       43%         1
 Call Canine Familiar     Summ           0%         N/A       80%         3
 Summon Guardian Golem    Hex/Summ       0%         N/A       80%         3


Dungeon Overview and Level Annotations

Branches:
Dungeon (6/15)             Temple (1/1) D:4

Altars:
Cheibriados
Dithmenos
Elyvilon
Gozag
Hepliaklqana
Makhleb
Nemelex Xobeh
Qazlal
Ru
Sif Muna
Uskayaw
Vehumet
Xom
Zin
The Shining One

Annotations:
D:5 2 runed translucent doors, exclusion: 2 doors, xian's ghost, novice GrWn


Innate Abilities, Weirdness & Mutations

You are a tree.
Your roots penetrate the ground, keeping you stationary.
You cannot be teleported.
You are immune to unholy pain and torment.
Your maximum health is greatly increased.
Your equipment is partially melded.
((You are very nimble when in or above water. (Stealth+, EV+, Speed+++)))
((Your lower body shifts to a powerful aquatic tail in water.))


Message History

Something draws strength from your injuries!
You puncture something! Something draws life force from you.
You barely miss something. Something hits you.
Something bites you but does no damage.
You closely miss something. Something hits you but does no damage.
Something bites you!
* * * LOW HITPOINT WARNING * * *
You closely miss something. Something hits you.
* * * LOW HITPOINT WARNING * * *
Something bites you.
* * * LOW HITPOINT WARNING * * *
You miss something. Something draws life force from you.
* * * LOW HITPOINT WARNING * * *
You barely miss something.
It was a potion of heal wounds.
You feel much better. Something draws life force from you.
* * * LOW HITPOINT WARNING * * *
You puncture something! Something hits you but does no damage.
Something bites you but does no damage.
You miss something. Something hits you!
* * * LOW HITPOINT WARNING * * *
Something bites you!
* * * LOW HITPOINT WARNING * * *
Something draws strength from your injuries!
Really quaff the potion of lignification?
You turn into a tree.
Your +0 helmet melds into your body.
Your +1 pair of boots melds into your body.
Your +3 leather armour of poison resistance melds into your body.
You no longer feel resistant to poison.
Your roots penetrate the ground.
Something hits you.
* * * LOW HITPOINT WARNING * * *
Something bites you but does no damage.
You cannot move.
You closely miss something. Something draws life force from you.
* * * LOW HITPOINT WARNING * * *
It was a potion of berserk rage.
A red film seems to cover your vision as you go berserk!
You feel yourself moving faster!
You feel mighty! Something hits you.
You die...
Your body disappears without a glow.

#..#.###....)..#.# **,*
#..#.##......#.#.# *,*
#.....).######.#.#***,*
##.#.#### #....,**,*
#.#.#########.##*,**,*
####.............# *,,#.*
....##.#.......#.###)...*
###.##.#.##.##.#{.......*
#.##.#....##.#♣####..,*
###.##.#................*
....##.#....##.######..#*
##..##.#..#.##.# *,,*
#..##.#.......######,,*
#.....#..............,*
##.##.......##########,*
.............##*******,*
................,,,,,,,*


There were no monsters in sight!

Vanquished Creatures
  Pikel (D:5)
  Sigmund (D:4)
  Duvessa (D:5)
  3 ogres
  A centaur (D:6)
  2 phantoms (D:5)
  A lemure (D:5)
  A bullfrog (D:6)
  2 scorpions
  Dowan (D:5)
  A howler monkey (D:3)
  4 hounds
  A jelly (D:6)
  6 orc priests
  3 iguanas (D:5)
  3 orc wizards
  Robin (D:2)
  7 gnolls
  8 adders
  2 shadow imps (D:5)
  2 ufetubi
  3 worms
  A dart slug (D:4)
  20 orcs
  9 endoplasms
  A giant cockroach (D:3)
  15 goblins
  8 hobgoblins
  8 jackals (D:1)
  13 kobolds
  2 quokkas
  7 ball pythons
  9 bats
  6 frilled lizards
  6 rats
160 creatures vanquished.

Vanquished Creatures (others)
  An orc wizard (D:6)
  5 plants (D:2)
6 creatures vanquished.

Grand Total: 166 creatures vanquished

Notes
Turn   | Place    | Note
-------+----------+-------------------------------------------
     0 | D:1      | jejorda2 the Merfolk Fighter began the quest for the Orb.
     0 | D:1      | Reached XP level 1. HP: 18/18 MP: 1/1
    60 | D:1      | Reached skill level 3 in Polearms
   320 | D:1      | Reached XP level 2. HP: 24/24 MP: 2/2
   585 | D:1      | Reached XP level 3. HP: 28/29 MP: 3/3
   824 | D:1      | Reached skill level 4 in Polearms
   969 | D:1      | You fall into a shaft and drop 1 floor!
  1086 | D:2      | Reached XP level 4. HP: 32/37 MP: 4/4
  1506 | D:2      | Noticed Robin
  1533 | D:2      | Killed Robin
  1750 | D:2      | Reached skill level 5 in Polearms
  2206 | D:2      | Reached XP level 5. HP: 42/42 MP: 5/5
  3532 | D:4      | Reached skill level 6 in Polearms
  3549 | D:4      | Noticed Sigmund
  3713 | D:3      | Reached XP level 6. HP: 15/49 MP: 6/6
  5042 | D:4      | Reached skill level 5 in Fighting
  5042 | D:4      | Reached skill level 7 in Polearms
  5042 | D:4      | Reached XP level 7. HP: 6/56 MP: 7/7
  5606 | D:4      | Found a staircase to the Ecumenical Temple.
  5621 | Temple   | Entered the Ecumenical Temple
  5735 | Temple   | Became a worshipper of Nemelex Xobeh the Trickster
  5859 | D:4      | Killed Sigmund
  5860 | D:4      | Reached skill level 8 in Polearms
  5860 | D:4      | Reached skill level 1 in Invocations
  6379 | D:5      | Entered Level 5 of the Dungeon
  6399 | D:5      | Reached XP level 8. HP: 63/64 MP: 7/9
  6489 | D:5      | Found a large runed translucent door.
  6489 | D:5      | Found a large runed translucent door.
  6493 | D:5      | Noticed xian's ghost (novice GrWn)
  6502 | D:5      | Noticed Dowan
  6506 | D:5      | Noticed Duvessa
  6522 | D:5      | Killed Duvessa
  6523 | D:5      | Killed Dowan
  6524 | D:5      | Reached skill level 9 in Polearms
  6707 | D:4      | Dig for loot
  7144 | D:5      | Noticed Pikel
  7182 | D:5      | Killed Pikel
  7183 | D:5      | Reached skill level 10 in Polearms
  7183 | D:5      | Reached XP level 9. HP: 44/69 MP: 10/12
  7715 | D:6      | Identified the ring of the Majestic God {rF+++ rC+ rN+
                  | Str+3 Dex-2}
  8063 | D:6      | Reached skill level 11 in Polearms
  8419 | D:6      | Reached skill level 5 in Armour
  8682 | D:6      | HP: 2/69 [something (9)]
  8685 | D:6      | Slain by a vampire

Illustrated notes

.# #.....# #.# #.♣.. .# #.....#
#.# ##... .# #.....# ####.####
##P. .#####.### #.......# ##≈.
....##.# #.##.##.# ###≈≈.
.##.##.#######.##.##.# ###P≈≈≈.
.##.##.........#..##.# #.......
.....)....#.....)###)# #.#P≈≈≈.
.##.#####.#.#...@<...# #.###≈≈.
.##.#####.#.#........# #.# ##≈.
....##..............######.#
#P.
###.##.##.#.##.............#
###. #.##.##.#.##...........###
#... #.......#.........###..#
#..#
###...######......###..#####.##
#...# ####..............##
#...######.......#.#.########


Turn 6707 on D:4: Dig for loot

Levels and vault maps discovered:
D:1:      nzn_arrival_settlement, layout_basic, serial_glass, glass_columns_a,
          glass_columns_b, st_stairs_10
D:2:      layout_basic, chequers_serial_rivers_large_b, lexackson_kobold_supper,
          uniq_robin
D:3:      layout_loops_corners
D:4:      layout_loops_cross, minmay_temple_entry_tees,
          dreamdust_princess_bridge, lightli_corner_chamber, uniq_sigmund
D:5:      layout_gridville, ebering_ghost_disaster_area, uniq_pikel,
          uniq_duvessa
D:6:      layout_loops_ring, amcnicky_mini_rare_corridor_liquid
Temple:   mainiacjoe_temple_hex_bubbles

Skill      XL: |  1  2  3  4  5  6  7  8  9 |
---------------+----------------------------+-----
Polearms       | 3 4 5 6 7 8 10 11 | 11.3
Fighting       | 4 5 6 |  6.0
Armour         | 3 4 5 |  5.0
Invocations    | 1 4 |  4.7
Shields        | |  3.0

Action                   |  1- 3 |  4- 6 |  7- 9 || total
-------------------------+-------+-------+-------++-------
Melee: Trident           |   100 |   217 |       ||   317
       Halberd           |       |    98 |   224 ||   322
Throw: Stone             |       |     6 |    29 ||    35
       Throwing net      |       |     1 |       ||     1
  Use: Potion            |       |     1 |     3 ||     4
       Scroll            |       |       |    15 ||    15
 Stab: Held in net/web   |       |     2 |       ||     2
Armor: Scale mail        |    28 |   102 |       ||   130
       Chain mail        |       |    33 |    37 ||    70
       Leather armour    |       |       |    55 ||    55
       Skin              |       |       |     1 ||     1
Dodge: Dodged            |    35 |   109 |    87 ||   231
Block: Buckler           |    16 |    38 |       ||    54

Table legend: (Time is in decaauts)
 A = Elapsed time spent in this place.
 B = Non-inter-level travel time spent in this place.
 C = Inter-level travel time spent in this place.
 D = Time resting spent in this place.
 E = Time spent auto-exploring this place.
 F = Levels seen in this place.
 G = Mean time per level.
                   A        B        C        D        E       F      G
               +--------+--------+--------+--------+--------+-----+--------+
         Total |   8685 |   8120 |    565 |    665 |   6082 |   7 | 1240.7 |
       Dungeon |   8481 |   7987 |    494 |    665 |   5961 |   6 | 1413.5 |
        Temple |    203 |    133 |     70 |      0 |    121 |   1 |  203.0 |
               +--------+--------+--------+--------+--------+-----+--------+

Top non-repeatable levels by time:
     D:4: 1972 daAuts
     D:2: 1804 daAuts
     D:3: 1393 daAuts
     D:1: 1170 daAuts
     D:6: 1101 daAuts
     D:5: 1040 daAuts
  Temple: 203 daAuts
